 Dungeon Crawl Stone Soup version 0.28.0 (webtiles) character file.

Game seed: 1919321718550710776

1425810 GordonOverkill the Slayer (level 27, 211/225 HPs)
             Began as a Djinni Gladiator on Feb 10, 2022.
             Was a Follower of Uskayaw.
             Escaped with the Orb
             ... and 3 runes!
             The game lasted 05:28:48 (92887 turns).

GordonOverkill the Slayer (Djinni Gladiator)       Turns: 92887, Time: 05:28:49

Health: 211/225    AC: 41    Str: 27    XL:     27
Gold:   1369       EV: 11    Int: 15    God:    Uskayaw [*.....] SH: 22 Dex: 19

rFire   + + +      SeeInvis +   a - +9 broad axe (spect)
rCold   + . .      Faith    .   J - +0 tower shield
rNeg    . . .      Spirit   .   R - +7 gold dragon scales
rPois   ∞          Reflect  .   V - +2 helmet {Int+3}
rElec   .          Harm     .   f - +1 cloak of the Mantidfly {Regen+ Str+4}
rCorr   +          Rampage  .   x - +2 pair of gloves
Will    +++..                   (boots unavailable)
Stlth   ..........              G - amulet of Erchuanex {rC+ Regen+ rCorr}
HPRegen 2.07/turn               u - ring of willpower
MPRegen 0.00/turn               p - ring of see invisible

@: flying, studying Stealth
A: sickness immunity, fire resistance 2, cold vulnerability 1, float, innate
caster, HP casting, extra vitality 1, iridescent scales 1, thin skeletal
structure 1
0: Orb of Zot
}: 3/15 runes: decaying, silver, gossamer
a: Renounce Religion, Stomp


You escaped.
You worshipped Uskayaw.
Uskayaw was pleased with you.
You visited 9 branches of the dungeon, and saw 48 of its levels.
You also visited: Ossuary, Ice Cave, Wizlab and Desolation.

You collected 5986 gold pieces.
You spent 4617 gold pieces at shops.

Inventory:

Hand Weapons
 a - a +9 spectral broad axe (weapon)
 b - the +8 broad axe "Durhug" {pain, rElec Int+5}
   (You acquired it on level 2 of the Dungeon)

   In the hands of one skilled in necromantic magic, it inflicts extra damage on
   living creatures.
   Your inability to study Necromancy prevents you from drawing on the full
   power of this weapon.
   Int:       It affects your intelligence (+5).
   rElec:     It insulates you from electricity.
 w - the +18 lance "Wyrmbane" {slay drac, rPois rF+ rC+ AC+3}
   (You bought it in a shop on level 5 of the Dungeon)

   It inflicts extra damage against dragons and draconians.
   AC:        It affects your AC (+3).
   rF:        It protects you from fire.
   rC:        It protects you from cold.
   rPois:     It protects you from poison.
Missiles
 I - 2 silver boomerangs (quivered)
 U - 8 curare-tipped darts
Armour
 f - the +1 cloak of the Mantidfly (worn) {Regen+ Str+4}
   (You bought it in a shop on level 2 of the Orcish Mines)

   Str:       It affects your strength (+4).
   Regen:     It increases your rate of health regeneration.
 x - a +2 pair of gloves (worn)
 J - a +0 tower shield (worn)
 R - +7 gold dragon scales (worn)
 V - a +2 helmet of intelligence (worn)
Jewellery
 o - a ring of resist corrosion
 p - a ring of see invisible (right hand)
 q - a ring of willpower
 u - a ring of willpower (left hand)
 z - a +4 ring of evasion
 A - a ring of fire
 G - the amulet of Erchuanex (around neck) {rC+ Regen+ rCorr}
   (You found it on level 6 of the Lair of Beasts)

   [amulet of regeneration]

   rC:        It protects you from cold.
   Regen:     It increases your rate of health regeneration.
   rCorr:     It protects you from acid and corrosion.
 L - a ring of ice
 P - a +6 ring of intelligence
Wands
 k - a wand of digging (4)
 n - a wand of charming (21)
 K - a wand of paralysis (28)
 O - a wand of mindburst (35)
 Q - a wand of iceblast (17)
 Z - a wand of acid (10)
Scrolls
 c - 3 scrolls of brand weapon
 d - a scroll of holy word
 e - 9 scrolls of vulnerability
 g - 10 scrolls of teleportation
 l - 10 scrolls of immolation
 r - 5 scrolls of fear
 v - 6 scrolls of blinking
 y - 10 scrolls of fog
 B - 22 scrolls of identify
 C - 2 scrolls of summoning
 S - a scroll of enchant weapon
Potions
 h - 10 potions of mutation
 i - 10 potions of heal wounds
 m - 2 potions of lignification
 s - a potion of berserk rage
 t - 16 potions of curing
 E - 11 potions of ambrosia
 N - 4 potions of might
 W - a potion of resistance
Miscellaneous
 j - a condenser vane
 M - a box of beasts
 T - a lightning rod (4/4)
 X - a phial of floods
 Y - a tin of tremorstones (2/2)


   Skills:
 + Level 26.4 Fighting
 - Level 15.9(18.0) Axes
 - Level 14.0(17.0) Polearms
 - Level 2.0 Throwing
 - Level 18.0 Armour
 - Level 12.0 Dodging
 - Level 18.0 Shields
 - Level 15.0 Invocations
 - Level 12.0 Evocations


You couldn't memorise any spells.
You knew the following spells:

 Your Spells              Type           Power      Damage    Failure   Level
a - Sandblast             Erth           0%         2d4       100%        1
b - Static Discharge      Conj/Air       0%         N/A       100%        2
c - Corpse Rot            Necr/Air       0%         N/A       100%        2
d - Ice Form              Ice/Tmut       0%         N/A       100%        4
e - Lightning Bolt        Conj/Air       0%         1d11      100%        5
f - Summon Forest         Summ/Tloc      0%         N/A       100%        5
g - Dispersal             Tloc           0%         N/A       100%        6
h - Malign Gateway        Summ/Tloc      0%         N/A       100%        7
i - Orb of Destruction    Conj           0%         9d5       100%        7
j - Necromutation         Tmut/Necr      0%         N/A       100%        8
k - Summon Hydra          Summ           0%         N/A       100%        7
l - Death's Door          Necr           0%         N/A       100%        9
m - Polar Vortex          Ice            0%         N/A       100%        9
Your spell library was empty.


Dungeon Overview and Level Annotations

Branches:
Dungeon (15/15)            Temple (0/1) D:6            Lair (6/6) D:9
  Swamp (4/4) Lair:2       Spider (4/4) Lair:3        Slime (0/5) Lair:6
    Orc (2/2) D:10            Elf (3/3) Orc:2        Vaults (5/5) D:14
  Crypt (0/3) Vaults:2     Depths (4/4) D:15            Zot (5/5) Depths:4
Ossuary (visited)           IceCv (visited)          WizLab (visited)
Desolation (visited)

Altars:
Cheibriados
Dithmenos
Elyvilon
Gozag
Hepliaklqana
Kikubaaqudgha
Makhleb
Ru
Uskayaw
Zin
The Shining One
Beogh

Shops:
D:5 (   D:7 *   D:13 [   Orc:2 (=[*   Elf:3 ?   Vaults:1 =   Vaults:3 =
Depths:3 (!

Portals:
Hell: Depths:1 Depths:2 Depths:3 Depths:4
Abyss: Depths:2 Depths:3
Pandemonium: Depths:1 Depths:2
Ziggurat: Depths:3

Annotations:
Depths:2 Mennas
Zot:5 1 exclusion


Innate Abilities, Weirdness & Mutations

You are immune to sickness and miasma.
You are immune to poison.
Your flesh is very heat resistant. (rF++)
You are vulnerable to cold. (rC-)
You float through the air rather than walking.
You learn spells naturally, not from books.
Your magical power is your life essence.
You have superior vitality. (+4 MHP)
You are partially covered in iridescent scales. (AC +2)
You have a somewhat thin skeletal structure. (Dex +2, Stealth+)


Message History

(V) Vaults (C) Crypt (U) Depths (H) Hell (Z) Zot
Where to? (Enter - D:1 @ (x,y), ? - help)
What level of the Dungeon? (default 1, ? - help)
There is a stone staircase leading up here.
You fly upwards.
There is a stone staircase leading down here.
You see here a +0 club.
You see here a +0 dagger.
There is an open door here.
There is an open door here.
You see here a +0 leather armour.
A hellion comes into view.
The hellion gives a hideous shriek!
The hellion gestures at you.
The sphere of damnation explodes!
The damnation engulfs you!! You block the hellion's attack.
The hellion closely misses you.
You completely miss the hellion.
Your +9 spectral broad axe hits the hellion!
The hellion gestures at you.
The sphere of damnation explodes!
The damnation engulfs you!!
The damnation engulfs your +9 spectral broad axe!
Your spectral weapon shares its damage with you!
The damnation engulfs the hellion.
The hellion completely resists.
You hit the hellion.
The hellion is heavily wounded.
Your +9 spectral broad axe hits the hellion!
The hellion hits you but does no damage.
You slice the hellion!!
You kill the hellion!
No target in view!
No target in view!
(D) Dungeon (T) Temple (L) Lair (S) Swamp (N) Spider Nest (M) Slime Pits (O) Orcish Mines (E) Elven Halls (V) Vaults (C) Crypt (U) Depths (H) Hell (Z) Zot
Where to? (Enter - D:1 @ (x,y), ? - help)
What level of the Dungeon? (default 1, ? - help)
There is a staircase leading out of the dungeon here.
You have escaped!

#######.## #.# #.....# #.#
#[###.# #.# #.###.#########
#.#
#'#...........#########.#
####.#...........##........#
..##'#.#..#..#...##.########
#.)..'..≈........##.####.##
#.####.8........@##.......#
#....'..≈........#######.##
####'#.#).#..#...# #.#
#.#...........# #.#
####'#...........# #.#
.....###.######### ###.#
####.###.## #...# #......#
#.### ######.# #.#.#


There were no monsters in sight!

Vanquished Creatures
  3 dread liches (Zot:5)
  An orb of fire (Zot:5)
  An ancient lich (Vaults:5)
  Sojobo (Depths:1)
  7 Killer Klowns (Zot:5)
  Nikola (Vaults:2)
  6 golden dragons
  A bone dragon (Depths:4)
  A profane servitor (Depths:1)
  6 tentacled monstrosities
  4 liches
  5 titans
  23 Orb Guardians (Zot:5)
  A quicksilver dragon (Zot:5)
  3 deep elf blademasters (Elf:3)
  A walking divine tome (Depths:3)
  3 deep elf master archers (Elf:3)
  An Executioner (Depths:4)
  4 death cobs
  2 sphinxes
  A thorn hunter (Swamp:3)
  Kirke (Lair:6)
  An ancient champion (Depths:3)
  8 storm dragons
  Agnes (Spider:1)
  2 draconian monks
  9 tengu reavers
  A fenstrider witch (Swamp:2)
  12 fire giants
  8 shadow dragons
  12 vault wardens
  The ghost of Waecyras the Pious, an adept KoGl of Zin (D:15)
  6 frost giants
  A draconian knight (Zot:1)
  Louise (Swamp:2)
  A cacodemon (Depths:1)
  3 iron dragons
  3 draconian scorchers
  6 ghost moths
  9 deep elf sorcerers
  2 orc warlords
  14 ironbound preservers
  3 deep elf elementalists (Elf:3)
  2 angels (Vaults:4)
  10 ironbound thunderhulks
  5 war gargoyles
  3 broodmothers
  31 very ugly things
  13 stone giants
  4 vampire knights
  3 green draconians
  3 eleionomae
  A bunyip (Swamp:2)
  2 red draconians
  3 deep elf demonologists
  13 purple draconians
  A black draconian (Zot:1)
  8 deep elf annihilators
  9 entropy weavers
  10 dire elephants
  3 white draconians (Depths:4)
  A yellow draconian (Depths:4)
  The ghost of Ijustatesigmund the Fighter, a journeyman GrFi of Cheibriados (D:13)
  2 crystal guardians
  7 spark wasps
  9 statues (WizLab)
  2 jiangshi (Depths:3)
  10 ettins
  6 deep elf death magi
  Snorg (D:10)
  5 great orbs of eyes
  8 fire dragons
  7 deep elf high priests
  12 yaktaur captains
  21 hydras
  2 ragged hierophants (Desolation)
  3 rakshasas
  Fannar (D:12)
  Harold (D:10)
  4 peacekeepers
  The ghost of LetschGu the Tainter, a journeyman DrTm of Okawaru (Orc:2)
  A spriggan air mage (Depths:1)
  4 jorogumos
  29 vault guards
  4 ghost crabs
  20 centaur warriors
  2 hell beasts (Depths:3)
  A spriggan skeleton (Depths:2)
  A radroach (shapeshifter) (Vaults:5)
  6 ironbound frosthearts
  7 ice dragons
  Erica (D:8)
  8 boulder beetles
  The ghost of Colgate the Fighter, a journeyman FeSu of Gozag (Lair:6)
  6 catoblepae
  A satyr (shapeshifter) (Depths:3)
  4 ogre magi
  5 tengu warriors
  A death knight (D:15)
  7 alligators
  8 deep troll earth magi
  4 two-headed ogres
  20 dancing weapons
  15 deep troll shamans
  7 hell hogs
  2 spriggan berserkers (Depths:3)
  2 orc high priests
  8 death yaks
  Urug (D:10)
  17 deep elf knights
  4 vampire magi
  7 sun demons
  2 soul eaters (Depths:1)
  Nergalle (D:9)
  19 hell knights
  2 fire crabs (Swamp:4)
  6 skeletal warriors
  8 goliath frogs
  11 iron trolls
  A salamander mystic (Depths:4)
  2 flayed ghosts
  4 glowing orange brains
  13 pharaoh ants
  2 sun moths (Spider:3)
  5 bog bodies
  83 deep trolls
  5 spriggan druids
  20 steelbarb worms
  12 orb spiders
  14 ironbound convokers
  11 swamp dragons
  An obsidian statue (Depths:1)
  3 harpies (Vaults:1)
  2 tengu zombies (Vaults:1)
  17 wizards
  A spriggan simulacrum (Depths:2)
  6 orc knights
  3 orange crystal statues
  The ghost of denis1488 the Spear-Bearer, a novice MfGl (D:6)
  5 lindwurms
  34 deep elf pyromancers
  28 deep elf zephyrmancers
  7 necromancers
  3 orc sorcerers (Orc:2)
  17 deep elf archers
  4 phantasmal warriors
  A wolf spider (shapeshifter) (Elf:2)
  A stone giant zombie (Vaults:1)
  21 ugly things
  18 wolf spiders
  A will-o-the-wisp (Swamp:1)
  6 cyclopes
  An iron dragon skeleton (Depths:2)
  6 manticores
  3 salamanders (Depths:4)
  4 black mambas
  14 moths of wrath
  Joseph (D:7)
  20 vault sentinels
  2 human skeletons (Vaults:1)
  3 smoke demons
  11 cane toads
  9 torpor snails
  Maggie (D:10)
  2 unseen horrors
  7 komodo dragons
  An efreet (D:14)
  A komodo dragon (shapeshifter) (D:14)
  Psyche (D:11)
  13 demonic crawlers
  42 yaktaurs
  A kobold demonologist (D:9)
  A yaktaur skeleton (Vaults:1)
  A yaktaur (shapeshifter) (D:15)
  19 tengu conjurers
  5 anaconda simulacra (IceCv)
  5 freezing wraiths
  6 rime drakes
  A golden dragon simulacrum (IceCv)
  A hellion (D:1)
  2 hellwings
  28 meliai
  8 trolls
  A bloated husk (Swamp:1)
  6 tyrant leeches
  A queen bee (D:15)
  4 polar bears
  Prince Ribbit (D:5)
  14 hornets
  45 slime creatures
  A tarantella (shapeshifter) (D:12)
  27 tarantellas
  A saltling (Desolation)
  A tengu simulacrum (Depths:2)
  13 blink frogs
  21 dream sheep
  A spriggan zombie (Depths:2)
  26 culicivoras
  4 water elementals
  Sigmund (D:3)
  A culicivora (shapeshifter) (Vaults:2)
  2 ynoxinuls
  2 air elementals
  72 yaks
  41 jumping spiders
  15 wyverns
  A shadow (D:9)
  4 vampires
  12 spriggans
  2 wraiths (D:14)
  12 basilisks
  5 hogs
  A redback (shapeshifter) (Depths:4)
  2 neqoxecs
  3 fire elementals
  Eustachio (D:4)
  57 redbacks
  6 steam dragons
  9 vampire mosquitoes
  4 wargs
  Menkaure (D:5)
  A harpy simulacrum (IceCv)
  5 acid dragons
  12 swamp worms
  A hydra simulacrum (IceCv)
  2 hell hounds (D:15)
  16 water moccasins
  15 swamp drakes
  2 ice beasts
  29 orc warriors
  A hornet zombie (D:8)
  4 boggarts (D:14)
  4 sky beasts
  6 ettin simulacra
  10 ogres
  13 wolves
  2 necrophages
  3 centaurs
  A phantom (D:6)
  Blork the orc (D:5)
  3 kobold brigands (D:8)
  10 bullfrogs
  An earth elemental (Orc:2)
  5 gnoll sergeants
  A scorpion (D:6)
  15 killer bees
  A lindwurm simulacrum (IceCv)
  5 wights (D:8)
  2 howler monkeys
  A bullfrog zombie (D:4)
  5 jellies
  2 lava snakes (Swamp:4)
  3 human zombies
  4 centaur zombies
  14 orc priests
  4 hounds
  A bullfrog skeleton (D:4)
  4 iguanas
  15 orc wizards
  11 hell rats
  A killer bee zombie (D:7)
  5 mummies
  2 howler monkey zombies
  9 gnolls
  8 adders
  A shadow imp (D:8)
  An ufetubus (D:4)
  3 adder zombies (Ossuary)
  2 adder skeletons (D:4)
  2 worms
  5 dart slugs
  61 orcs
  4 ball pythons
  4 endoplasms
  3 giant cockroaches
  A gnoll zombie (Ossuary)
  4 goblins
  6 hobgoblins
  9 jackals
  5 quokkas
  4 bats
  2 frilled lizards (D:1)
  2 goblin zombies
  2 hobgoblin zombies (Ossuary)
  22 kobolds
  7 kobold zombies
  2 quokka zombies (Ossuary)
  3 rats
  A rat zombie (Ossuary)
  A fire vortex (Swamp:4)
2072 creatures vanquished.

Vanquished Creatures (collateral kills)
  Rupert (Lair:4)
  A catoblepas (Lair:5)
  An ironbound convoker (Vaults:1)
  A water moccasin (Lair:4)
4 creatures vanquished.

Vanquished Creatures (others)
  A draconian knight (Depths:4)
  A fire giant (Depths:1)
  2 hydras (Swamp:4)
  A spriggan druid (Swamp:3)
  A swamp dragon (Swamp:4)
  An ironbound convoker (Vaults:1)
  A wizard (D:15)
  A deep elf zephyrmancer (Elf:1)
  A yaktaur (Vaults:1)
  A bloated husk (Swamp:4)
  2 spriggans (Depths:2)
  A swamp drake (Swamp:3)
  A boggart (D:14)
  A gnoll shaman (D:6)
  An orc priest (Orc:1)
  2 gnolls (D:6)
  An endoplasm (D:1)
  4 bushes
  4 foxfires (Swamp:1)
  43 fungi
  105 plants
  2 withered plants (D:13)
178 creatures vanquished.

Grand Total: 2254 creatures vanquished

Notes
Turn   | Place    | Note
-------+----------+-------------------------------------------
     0 | D:1      | GordonOverkill the Djinni Gladiator began the quest for the
                  | Orb.
     0 | D:1      | Reached XP level 1. HP: 18/18 MP: 0/0
   349 | D:1      | Reached XP level 2. HP: 21/23 MP: 0/0
   624 | D:1      | Reached XP level 3. HP: 24/29 MP: 0/0
   624 | D:1      | Learned a level 1 spell: Sandblast
   856 | D:1      | Found a faded altar of an unknown god.
   875 | D:1      | Prayed at the altar of an unknown god.
   875 | D:1      | Became a worshipper of Uskayaw the Reveller
   875 | D:1      | Reached * piety under Uskayaw
  1305 | D:2      | Reached ** piety under Uskayaw
  1351 | D:2      | Found an opulent altar of Gozag.
  1363 | D:2      | Reached XP level 4. HP: 23/34 MP: 0/0
  1573 | D:2      | Reached skill level 3 in Fighting
  2399 | D:3      | Reached skill level 1 in Invocations
  2451 | D:3      | Reached XP level 5. HP: 38/40 MP: 0/0
  2451 | D:3      | Learned a level 2 spell: Static Discharge
  3303 | D:3      | Noticed Sigmund
  3748 | D:4      | Reached XP level 6. HP: 37/47 MP: 0/0
  3775 | D:4      | Reached skill level 4 in Fighting
  3937 | D:4      | Noticed Eustachio
  4744 | D:5      | Entered Level 5 of the Dungeon
  4818 | D:5      | Found a sacrificial altar of Ru.
  4823 | D:5      | Noticed an ogre
  4877 | D:5      | Noticed Prince Ribbit
  4891 | D:5      | Killed an ogre
  4892 | D:5      | Reached skill level 1 in Evocations
  4892 | D:5      | Reached XP level 7. HP: 41/53 MP: 0/0
  4892 | D:5      | Learned a level 2 spell: Corpse Rot
  5196 | D:3      | Killed Sigmund
  5905 | D:4      | Killed Eustachio
  5906 | D:4      | Reached skill level 5 in Fighting
  6149 | D:5      | Reached XP level 8. HP: 59/59 MP: 0/0
  6227 | D:5      | Found Wolas's Weapon Emporium.
  6440 | D:5      | Noticed Menkaure
  6443 | D:5      | Killed Menkaure
  6444 | D:5      | Reached skill level 5 in Polearms
  6696 | D:5      | Killed Prince Ribbit
  6697 | D:5      | Reached skill level 6 in Fighting
  6939 | D:5      | Found a glowing golden altar of the Shining One.
  6993 | D:5      | Noticed Blork the orc
  6995 | D:5      | Killed Blork the orc
  7238 | D:6      | Found a transporter.
  7281 | D:6      | Found a staircase to the Ecumenical Temple.
  7411 | D:6      | Reached XP level 9. HP: 67/67 MP: 0/0
  7411 | D:6      | Learned a level 4 spell: Ice Form
  7438 | D:6      | Reached *** piety under Uskayaw
  7732 | D:6      | Reached skill level 5 in Evocations
  7968 | D:6      | Identified the +12 trident "Pygoperph" {chaos, rC+ Will-
                  | Stlth+}
  7968 | D:6      | Identified the +2 scale mail of Claustrophobia {*Corrode
                  | rC+ Will+ Regen+}
  7980 | D:6      | Found a transporter.
  7985 | D:6      | Noticed denis1488's ghost (novice MfGl)
  8150 | D:7      | Reached skill level 7 in Fighting
  8495 | D:7      | Noticed Joseph
  8512 | D:7      | Killed Joseph
  8513 | D:7      | Reached **** piety under Uskayaw
  8515 | D:7      | Reached skill level 8 in Fighting
  8519 | D:7      | Reached ***** piety under Uskayaw
  8712 | D:7      | Reached XP level 10. HP: 76/76 MP: 0/0
  8860 | D:7      | Found Zotrei's General Store.
  9256 | D:7      | Found a snail-covered altar of Cheibriados.
  9422 | D:6      | Reached skill level 1 in Armour
 10146 | D:8      | Found a sand-covered staircase.
 10230 | Ossuary  | Entered an ossuary
 10534 | D:8      | Noticed Erica
 10538 | D:8      | Killed Erica
 10539 | D:8      | Reached skill level 9 in Fighting
 10940 | D:8      | Reached skill level 5 in Invocations
 10940 | D:8      | Reached XP level 11. HP: 84/84 MP: 0/0
 10940 | D:8      | Learned a level 5 spell: Lightning Bolt
 11805 | D:8      | Reached skill level 10 in Fighting
 13443 | D:9      | Reached skill level 10 in Polearms
 14387 | D:9      | Found a staircase to the Lair.
 14657 | D:9      | Reached XP level 12. HP: 76/91 MP: 0/0
 15129 | D:10     | Entered Level 10 of the Dungeon
 15788 | D:10     | Noticed Nergalle
 15993 | D:10     | Noticed Maggie
 16075 | D:10     | Killed Maggie
 16281 | D:10     | Noticed Urug
 16283 | D:10     | Noticed Snorg
 16443 | D:10     | Reached skill level 1 in Shields
 16477 | D:10     | Found a staircase to the Orcish Mines.
 16493 | Orc:1    | Entered Level 1 of the Orcish Mines
 16672 | Orc:1    | Found a burning altar of Makhleb.
 16687 | Orc:1    | Noticed an orc high priest
 17289 | Orc:1    | Killed an orc high priest
 17308 | Orc:1    | You are sucked into a shaft and drop 1 floor!
 17308 | Orc:2    | Entered Level 2 of the Orcish Mines
 17311 | Orc:2    | Noticed an orc warlord
 17317 | Orc:1    | Noticed Harold
 17481 | D:10     | Noticed a two-headed ogre
 17505 | D:10     | Killed a two-headed ogre
 17737 | Lair:1   | Entered Level 1 of the Lair of Beasts
 18200 | Lair:1   | Noticed a seven-headed hydra
 18217 | Lair:1   | Killed a one-headed hydra
 19038 | Lair:1   | Reached XP level 13. HP: 74/96 MP: 0/0
 19038 | Lair:1   | Learned a level 5 spell: Summon Forest
 19602 | Lair:2   | Reached ****** piety under Uskayaw
 20148 | Lair:2   | Found a staircase to the Swamp.
 20368 | Lair:2   | Noticed a catoblepas
 20437 | Lair:2   | Killed a catoblepas
 21231 | Lair:3   | Noticed a catoblepas
 21936 | Lair:3   | Noticed a five-headed hydra
 22293 | Lair:2   | Reached skill level 11 in Fighting
 22438 | Lair:3   | Killed a one-headed hydra
 22749 | Lair:3   | Found a hole to the Spider Nest.
 22965 | Lair:3   | Killed a catoblepas
 23617 | Lair:4   | Noticed Rupert
 23618 | Lair:4   | Paralysed by Rupert for 7 turns
 24467 | Lair:4   | Paralysed by Rupert for 4 turns
 24531 | Lair:5   | Noticed an eight-headed hydra
 24561 | Lair:5   | Reached XP level 14. HP: 102/106 MP: 0/0
 25093 | D:5      | Bought the +8 lance "Wyrmbane" {slay drac, rPois rF+ rC+
                  | AC+3} for 1050 gold pieces
 25093 | D:5      | Found the +8 lance "Wyrmbane" {slay drac, rPois rF+ rC+
                  | AC+3}
 25272 | D:9      | Killed Nergalle
 25506 | D:9      | Found a staircase to the Lair.
 25850 | D:10     | Killed Snorg
 25851 | D:10     | Reached skill level 12 in Fighting
 25860 | D:10     | Killed Urug
 26297 | D:11     | Noticed Psyche
 26391 | D:11     | Killed Psyche
 26460 | D:11     | Reached skill level 1 in Axes
 27429 | D:12     | Found a hazy altar of Hepliaklqana.
 28141 | D:12     | Noticed Fannar
 28179 | D:12     | Killed Fannar
 29148 | D:13     | Found Luanall's Antique Armour Boutique.
 29281 | D:13     | Found a runed translucent door.
 29282 | D:13     | Noticed Ijustatesigmund's ghost (journeyman GrFi)
 29677 | D:10     | Killed Harold
 30551 | D:13     | Bought a runed helmet for 195 gold pieces
 30636 | Orc:2    | Found a runed translucent door.
 30710 | Orc:2    | Reached skill level 13 in Fighting
 31033 | Orc:2    | Reached skill level 10 in Invocations
 31253 | Orc:2    | Reached skill level 5 in Shields
 31299 | Orc:2    | Noticed LetschGu's ghost (journeyman DrTm)
 31647 | Orc:2    | Killed LetschGu's ghost
 32661 | Lair:4   | Paralysed by Rupert for 3 turns
 32680 | Lair:4   | Killed Rupert
 32681 | Lair:4   | Reached XP level 15. HP: 19/115 MP: 0/0
 32681 | Lair:4   | Learned a level 6 spell: Dispersal
 33524 | Lair:5   | HP: 5/115 [eight-headed hydra (3)]
 34182 | Lair:6   | Entered Level 6 of the Lair of Beasts
 34220 | Lair:6   | Noticed Kirke
 34506 | Lair:5   | Reached XP level 16. HP: 121/121 MP: 0/0
 34690 | Lair:6   | Found a staircase to the Slime Pits.
 34876 | Lair:5   | Reached skill level 5 in Axes
 36584 | Lair:5   | Reached skill level 14 in Fighting
 38464 | Lair:6   | Killed Kirke
 38690 | Lair:6   | Found a runed translucent door.
 38691 | Lair:6   | Noticed Colgate's ghost (journeyman FeSu)
 39352 | Lair:6   | Reached skill level 15 in Fighting
 39800 | Lair:6   | Identified the amulet of Erchuanex {rC+ Regen+ rCorr}
 40250 | D:14     | Reached XP level 17. HP: 106/131 MP: 0/0
 40250 | D:14     | Learned a level 7 spell: Malign Gateway
 40543 | D:14     | Found a gate to the Vaults.
 40985 | D:14     | Reached skill level 10 in Axes
 41181 | D:14     | Found a gate to the Vaults.
 41517 | D:15     | Entered Level 15 of the Dungeon
 41790 | D:2      | Identified a scroll of acquirement
 41791 | D:2      | Acquired the +8 broad axe "Durhug" {pain, rElec Int+5}
 42337 | D:15     | Found a transporter.
 42341 | D:15     | Found a transporter.
 42391 | D:15     | Noticed Waecyras's ghost (adept KoGl)
 43215 | D:15     | Found a staircase to the Depths.
 43646 | D:15     | Found a runed translucent door.
 44457 | Orc:2    | Found Cevelytz's General Store.
 44505 | Orc:2    | Found a staircase to the Elven Halls.
 44537 | Orc:2    | Bought a scroll of magic mapping for 56 gold pieces
 44545 | Orc:2    | Found Meebbof's Jewellery Emporium.
 44691 | Orc:2    | Found Japranon's Antique Weapon Emporium.
 44723 | Orc:2    | Found Kupsecw's Antique Armour Emporium.
 44729 | Orc:2    | Bought a faintly humming cloak for 313 gold pieces
 44729 | Orc:2    | Identified the +2 cloak "Bung" {rCorr} (You bought it in a
                  | shop on level 2 of the Orcish Mines)
 44729 | Orc:2    | Bought a smoking cloak for 313 gold pieces
 44729 | Orc:2    | Identified the +1 cloak of the Mantidfly {Regen+ Str+4}
                  | (You bought it in a shop on level 2 of the Orcish Mines)
 44924 | Swamp:1  | Entered Level 1 of the Swamp
 45395 | Swamp:1  | You are sucked into a shaft and drop 1 floor!
 45423 | Swamp:2  | Noticed Louise
 45478 | Swamp:1  | Found a frozen archway.
 45493 | IceCv    | Entered an ice cave
 46278 | Swamp:2  | Killed Louise
 46279 | Swamp:2  | Reached XP level 18. HP: 138/138 MP: 0/0
 47214 | Swamp:4  | Entered Level 4 of the Swamp
 48694 | Swamp:4  | Reached skill level 5 in Dodging
 48857 | Swamp:4  | Reached skill level 5 in Armour
 49047 | Swamp:4  | Got a decaying rune of Zot
 49227 | Spider:1 | Entered Level 1 of the Spider Nest
 49343 | Spider:1 | Noticed Agnes
 49349 | Spider:1 | Killed Agnes
 49521 | Spider:1 | Reached XP level 19. HP: 127/143 MP: 0/0
 49521 | Spider:1 | Learned a level 7 spell: Orb of Destruction
 50224 | Spider:2 | Reached skill level 10 in Shields
 50361 | Spider:2 | Reached skill level 15 in Axes
 52317 | D:7      | Bought a potion of curing for 36 gold pieces
 52317 | D:7      | Bought a potion of heal wounds for 60 gold pieces
 52317 | D:7      | Bought a wand of paralysis (3) for 60 gold pieces
 52437 | Orc:2    | Bought a potion of curing for 48 gold pieces
 52437 | Orc:2    | Bought a wand of acid (4) for 256 gold pieces
 54291 | Spider:4 | Entered Level 4 of the Spider Nest
 55145 | Spider:3 | Reached XP level 20. HP: 105/149 MP: 0/0
 56375 | Spider:4 | Reached skill level 10 in Dodging
 57332 | Spider:4 | Reached skill level 10 in Armour
 58628 | Spider:4 | Got a gossamer rune of Zot
 60241 | Vaults:1 | Entered Level 1 of the Vaults
 61212 | Vaults:1 | Reached XP level 21. HP: 129/152 MP: 0/0
 61212 | Vaults:1 | Learned a level 8 spell: Necromutation
 61253 | Vaults:1 | Found Dolaac's Jewellery Emporium.
 61392 | Vaults:1 | Identified the amulet "Manec" {Spirit rElec rPois Will-
                  | Dex-3}
 61545 | Vaults:1 | Reached skill level 16 in Fighting
 62067 | Vaults:1 | Identified the +5 mace of the Inferno {flame, Str+4 Int+3}
 62539 | Vaults:2 | Found a staircase to the Crypt.
 62970 | Vaults:2 | You are sucked into a shaft and drop 1 floor!
 63659 | Vaults:3 | Reached skill level 17 in Fighting
 64106 | Vaults:3 | Found Zygaohut's Jewellery Shoppe.
 64785 | Vaults:2 | Reached XP level 22. HP: 167/167 MP: 0/0
 65303 | Vaults:2 | Noticed Nikola
 65318 | Vaults:2 | Killed Nikola
 66589 | Vaults:3 | Found Zygaohut's Jewellery Shoppe.
 67273 | Vaults:3 | Found Zygaohut's Jewellery Shoppe.
 67651 | Vaults:4 | Found a glowing golden altar of the Shining One.
 67651 | Vaults:4 | Found a white marble altar of Elyvilon.
 67665 | Vaults:4 | Found a glowing silver altar of Zin.
 67665 | Vaults:4 | Found a crumbling gateway.
 67756 | Vaults:4 | Acquired a manual of Armour
 67835 | Desolati | Entered the Desolation of Salt
 67994 | Vaults:4 | Reached skill level 18 in Fighting
 68802 | Vaults:4 | Reached skill level 15 in Invocations
 69323 | Vaults:4 | Reached skill level 15 in Armour
 69626 | Depths:1 | Entered Level 1 of the Depths
 69722 | D:15     | Reached XP level 23. HP: 126/175 MP: 0/0
 69722 | D:15     | Learned a level 7 spell: Summon Hydra
 69902 | Depths:1 | Identified the +5 demon blade "Uniaz" {pain, rC++}
 69903 | Depths:1 | Found a gateway to Hell.
 69919 | Depths:1 | Noticed Sojobo
 69931 | Depths:1 | Paralysed by an air elemental for 1 turns
 69934 | Depths:1 | Paralysed by an air elemental for 1 turns
 69951 | Depths:1 | Paralysed by an air elemental for 1 turns
 70184 | Elf:1    | Entered Level 1 of the Elven Halls
 70727 | Elf:1    | Paralysed by an air elemental for 1 turns
 70731 | Elf:1    | Paralysed by an air elemental for 1 turns
 71524 | Elf:2    | Paralysed by an air elemental for 1 turns
 72112 | Elf:2    | Found a runed translucent gate.
 72112 | Elf:2    | Found a runed translucent gate.
 72112 | Elf:2    | Found a runed translucent gate.
 72764 | Elf:3    | Entered Level 3 of the Elven Halls
 73474 | Elf:3    | Found Atoes's Magic Scroll Shoppe.
 73479 | Elf:3    | Bought a scroll of magic mapping for 56 gold pieces
 73479 | Elf:3    | Bought a scroll of fog for 32 gold pieces
 73479 | Elf:3    | Bought a scroll of enchant armour for 120 gold pieces
 73479 | Elf:3    | Bought a scroll of fear for 56 gold pieces
 73479 | Elf:3    | Bought a scroll of teleportation for 48 gold pieces
 74417 | Elf:3    | Reached XP level 24. HP: 176/181 MP: 0/0
 74465 | Elf:3    | Identified the ring "Giyger" {Fly rPois rF+ Str-5 Int+6}
 74823 | Elf:3    | Identified the ring of Tyad {Fire Str-5 Dex+7}
 75212 | Elf:3    | Identified the ring of the Morning {rPois Str+3 Dex+3}
 75264 | Elf:3    | Identified the +3 leather armour "Pesy" {rPois Stlth+}
 75983 | D:13     | Bought a shiny plate armour for 676 gold pieces
 76034 | D:13     | Killed Ijustatesigmund's ghost
 76183 | D:6      | Killed denis1488's ghost
 76550 | D:15     | Killed Waecyras's ghost
 76897 | Lair:6   | Killed Colgate's ghost
 77144 | Orc:2    | Bought a runed plate armour for 858 gold pieces
 77353 | Depths:1 | Killed Sojobo
 77486 | Depths:1 | Found a shadowy altar of Dithmenos.
 77599 | Depths:1 | Reached skill level 10 in Evocations
 78007 | Depths:1 | Found a one-way gate leading to the halls of Pandemonium.
 78771 | D:15     | Reached skill level 15 in Shields
 79175 | Depths:1 | Found the ring of the Mage {Wiz Archmagi}
 79176 | Depths:1 | Found a runed translucent door.
 79856 | Depths:2 | Found a hide-covered altar of Uskayaw.
 80100 | Depths:2 | Reached XP level 25. HP: 153/187 MP: 0/0
 80100 | Depths:2 | Learned a level 9 spell: Death's Door
 80507 | Depths:2 | Gained mutation: You are dopey. (Int -2) [a cacodemon]
 80536 | Depths:1 | Gained mutation: Your spells are a little easier to cast,
                  | but a little less powerful. [a cacodemon]
 80799 | Depths:2 | Found a one-way gate to the infinite horrors of the Abyss.
 80892 | Depths:2 | You are sucked into a shaft and drop 1 floor!
 80892 | Depths:3 | Noticed Mennas
 81191 | Depths:3 | Found Qunait's Weapon Boutique.
 81520 | Depths:3 | Reached skill level 19 in Fighting
 81612 | Depths:3 | Found a one-way gateway to a ziggurat.
 82087 | Depths:3 | Found Cohuq's Distillery.
 82199 | Depths:3 | Reached skill level 20 in Fighting
 82279 | Depths:3 | Bought a potion of resistance for 120 gold pieces
 82279 | Depths:3 | Bought a potion of berserk rage for 60 gold pieces
 82279 | Depths:3 | Bought a potion of might for 48 gold pieces
 82279 | Depths:3 | Bought a potion of heal wounds for 60 gold pieces
 82709 | Depths:3 | Bought a potion of mutation for 96 gold pieces
 82713 | Depths:4 | Entered Level 4 of the Depths
 82874 | Depths:4 | Found a magical portal.
 82879 | WizLab   | Entered Iskenderun's Mystic Tower
 83426 | WizLab   | Reached skill level 21 in Fighting
 84944 | WizLab   | Reached XP level 26. HP: 155/203 MP: 0/0
 86093 | Depths:4 | Reached skill level 22 in Fighting
 86453 | Depths:4 | Found a gate to the Realm of Zot.
 86782 | Vaults:5 | Entered Level 5 of the Vaults
 86785 | Vaults:5 | Noticed a dread lich
 87432 | Vaults:5 | Reached skill level 23 in Fighting
 87515 | Vaults:5 | Noticed an ancient lich
 87544 | Vaults:5 | Killed an ancient lich
 87564 | Vaults:5 | Identified the +1 leather armour of the Unbroken {Str+2
                  | SInv Stlth+}
 87567 | Vaults:5 | Identified the +7 mace of the Doomed Warrior {vorpal, rPois
                  | rC+ Int-5}
 87873 | Vaults:5 | Reached XP level 27. HP: 210/216 MP: 0/0
 87873 | Vaults:5 | Learned a level 9 spell: Polar Vortex
 87956 | Vaults:5 | Identified the +5 short sword "Nacoa" {spect, Dex+7}
 88045 | Vaults:5 | Got a silver rune of Zot
 88074 | Vaults:5 | Identified the +4 spear "Vuigucre" {holy, rElec rF+ Dex-5
                  | Stlth+}
 88386 | Zot:1    | Entered Level 1 of the Realm of Zot
 88420 | Zot:1    | Reached skill level 24 in Fighting
 88935 | Zot:5    | Entered Level 5 of the Realm of Zot
 90077 | Zot:5    | Noticed a Killer Klown
 90077 | Zot:5    | Noticed an orb of fire
 90078 | Zot:5    | Noticed a dread lich
 90111 | Zot:5    | Killed a Killer Klown
 90112 | Zot:5    | Reached skill level 25 in Fighting
 90154 | Zot:5    | Noticed a Killer Klown
 90170 | Zot:5    | Killed a Killer Klown
 90188 | Zot:5    | Paralysed by a dread lich for 3 turns
 90196 | Zot:5    | Killed a dread lich
 90378 | Zot:5    | Noticed a dread lich
 90503 | Zot:5    | Noticed a Killer Klown
 90766 | Zot:5    | Killed a Killer Klown
 90885 | Zot:5    | Killed a dread lich
 90908 | Zot:5    | Noticed a Killer Klown
 90925 | Zot:5    | Noticed a Killer Klown
 90931 | Zot:5    | Killed a Killer Klown
 90949 | Zot:5    | Noticed a Killer Klown
 90968 | Zot:5    | Killed a Killer Klown
 91244 | Zot:5    | Killed a Killer Klown
 91257 | Zot:5    | Gained mutation: You have hidden genetic defects. [an orb
                  | of fire]
 91261 | Zot:5    | Killed an orb of fire
 91304 | Zot:5    | Lost mutation: You are dopey. (Int -2) [potion of mutation]
 91304 | Zot:5    | Lost mutation: Your spells are a little easier to cast, but
                  | a little less powerful. [potion of mutation]
 91304 | Zot:5    | Gained mutation: You are partially covered in iridescent
                  | scales. (AC +2) [potion of mutation]
 91304 | Zot:5    | Gained mutation: Your spells are a little harder to cast,
                  | but a little more powerful. [potion of mutation]
 91305 | Zot:5    | Lost mutation: You are partially covered in iridescent
                  | scales. (AC +2) [potion of mutation]
 91305 | Zot:5    | Lost mutation: Your spells are a little harder to cast, but
                  | a little more powerful. [potion of mutation]
 91305 | Zot:5    | Lost mutation: You have hidden genetic defects. [potion of
                  | mutation]
 91305 | Zot:5    | Gained mutation: You are covered in fur. (AC +1) [potion of
                  | mutation]
 91305 | Zot:5    | Gained mutation: You sometimes lose the ability to read
                  | scrolls when taking damage. [potion of mutation]
 91305 | Zot:5    | Gained mutation: You are agile. (Dex +2) [potion of
                  | mutation]
 91306 | Zot:5    | Lost mutation: You sometimes lose the ability to read
                  | scrolls when taking damage. [potion of mutation]
 91306 | Zot:5    | Lost mutation: You are agile. (Dex +2) [potion of mutation]
 91306 | Zot:5    | Lost mutation: You are covered in fur. (AC +1) [potion of
                  | mutation]
 91306 | Zot:5    | Gained mutation: Your spells are a little easier to cast,
                  | but a little less powerful. [potion of mutation]
 91306 | Zot:5    | Gained mutation: You are partially covered in large bone
                  | plates. (SH +4) [potion of mutation]
 91307 | Zot:5    | Lost mutation: Your spells are a little easier to cast, but
                  | a little less powerful. [potion of mutation]
 91307 | Zot:5    | Lost mutation: You are partially covered in large bone
                  | plates. (SH +4) [potion of mutation]
 91307 | Zot:5    | Gained mutation: You have a somewhat thin skeletal
                  | structure. (Dex +2, Stealth+) [potion of mutation]
 91307 | Zot:5    | Gained mutation: You are partially covered in iridescent
                  | scales. (AC +2) [potion of mutation]
 91429 | Zot:5    | Noticed a Killer Klown
 91451 | Zot:5    | Killed a Killer Klown
 91823 | Zot:5    | Noticed a dread lich
 91839 | Zot:5    | Killed a dread lich
 92077 | Zot:5    | Reached skill level 26 in Fighting
 92331 | Zot:5    | Got the Orb of Zot
 92541 | Depths:3 | Noticed Nogauf the pandemonium lord
 92763 | D:5      | Noticed Xyfirphen the pandemonium lord
 92887 | D:$      | Escaped with the Orb!

Illustrated notes

Levels and vault maps discovered:
D:1:      shiori_arrival_oz, layout_basic, shapermc_ecumenical_altar_acropolis
D:2:      layout_loops_cross, basic_altar, due_unseen_surprise
D:3:      corexii_shack_village, layout_basic, kiku_gazebo_garden_becter,
          uniq_sigmund
D:4:      layout_basic, uniq_eustachio
D:5:      layout_gridville, kennysheep_mini_moat,
          nicolae_ru_sacrificial_ziggurat, serial_shops, nicolae_square_shop,
          uniq_blork_the_orc, uniq_prince_ribbit1, uniq_menkaure
D:6:      layout_basic, minmay_temple_entry_junction,
          gammafunk_ghost_gnarly_gnolls, minivault_1
D:7:      hangedman_cross_stitches, layout_gridville, slow_altar_1,
          serial_shops, nicolae_shop_trees, uniq_joseph
D:8:      minmay_four_partial_circles, layout_basic, nicolae_ossuary_entry_giza,
          uniq_erica
D:9:      layout_roguey [special_room_orc], minmay_lair_entry_grove
D:10:     layout_loops_corners, orc_0_dummy, uniq_snorg, uniq_nergalle,
          uniq_maggie, uniq_urug
D:11:     layout_loops_ring, hangedman_decor_slide_cut,
          kennysheep_generic_room_10, uniq_psyche
D:12:     layout_stronghold, nzn_hepliaklqana_mist_gate, uniq_fannar
D:13:     layout_loops_ring, gammafunk_ghost_grave, serial_shops, shop_statue
D:14:     layout_cave_pools, lightli_vaults_fourway_checkpoint,
          gauntlet_entry_generic, dk_noncrumbling_4, minmay_misc_feat_x
D:15:     hangedman_depths_entry_civil_slaughter, layout_cross,
          corexii_leaking_fountain, gammafunk_ghost_hive, wad_hexagon
Lair:1:   layout_loops_ring
Lair:2:   layout_cave_pods, skrybe_swamp_entry_bodies
Lair:3:   layout_regular_city, hellmonk_spider_entry_not_the_bees
Lair:4:   layout_gridlike, grunt_megastairs_4, uniq_rupert
Lair:5:   nzn_winding_woodlands_small [nzn_winding_woodlands_5x15_split_checker,
          nzn_winding_woodlands_center_pierced_h,
          nzn_winding_woodlands_5x15_jagged], layout_gridlike, special_room
          [special_room_mythical_zoo], lemuel_fruit_tree,
          infiniplex_staircase_pool_2
Lair:6:   evilmike_catoblepas_cave, layout_hall_layers,
          minmay_slime_entry_pillars, gammafunk_ghost_grave,
          lemuel_fruit_fields, uniq_kirke
Swamp:1:  layout_falls_marsh, portal_ice_cave_entry_dragon,
          nicolae_swamp_decorative_isthmus, swamp_pool1
Swamp:2:  layout_falls_marsh, hangedman_swamp_ruin_hall, swamp_pool1,
          grunt_witch_cave, uniq_louise
Swamp:3:  layout_falls_marsh, nicolae_swamp_little_tower, swamp_pool5
Swamp:4:  swamp_fiery, layout_basic_swamp
Spider:1: layout_spider_delve, uniq_agnes
Spider:2: layout_cave_pods
Spider:3: layout_spider_delve
Spider:4: hellmonk_spider_rune_bug_friends
Orc:1:    layout_caves, basic_altar, mines1_david, uniq_harold
Orc:2:    grunt_orc_cross, layout_caves, basic_altar, gammafunk_ghost_grave
Elf:1:    nicolae_elf_arrival_fired_up, layout_geoelf_grid,
          hangedman_elf_represent
Elf:2:    elven_hall_of_blades_hangedman_original [mumra_blade_entry_dagger],
          layout_gridlike, serial_glass, glass_columns_a, glass_columns_a,
          kilobyte_rumbling_trees
Elf:3:    minmay_elf_hall_furrowed, layout_geoelf_octagon, serial_shops,
          shop_scrolls, grunt_megastairs_1
Vaults:1: vaults_dpeg_hooks, vaults_room_fours, nicolae_vaults_theta,
          hangedman_vaults_capsules, v_misc_33, vaults_room_door_hall,
          nicolae_vaults_theta, nicolae_vaults_circle_grid_b, v_misc_27,
          hangedman_vaults_slice, vaults_room_large_hall, layout_vaults_ring,
          serial_shops, nicolae_shop_crystal
Vaults:2: minmay_crypt_entry_vampire_xt, hangedman_vaults_unwind,
          vaults_mumra_lcd, v_alt_pattern_2, vaults_room_grid,
          vaults_dpeg_spiral, v_pattern_2, ontoclasm_vaults_shout,
          hangedman_vaults_river_flow, v_misc_9, nicolae_vaults_gold_heap,
          vaults_room_stairs_pillars, layout_vaults_maze_snakey, uniq_nikola
Vaults:3: nicolae_vaults_stairing_the_circle, vaults_room_fours,
          nicolae_vaults_little_squares_6, nicolae_vaults_what_the_h,
          ontoclasm_vaults_idyll, layout_vaults_omnigrid, serial_shops, shop
Vaults:4: portal_desolation_entry_holy_temple, v_misc_22,
          nicolae_vaults_ring_of_whatevers, grunt_vaults_twisty,
          nicolae_vaults_yaktaur_gun_rack, vaults_room_pool,
          nicolae_vaults_puzzle_piece, v_rooms_3, nicolae_vaults_three_branches,
          nicolae_vaults_shelves_hall, vaults_dpeg_ring, layout_vaults_omnicross
Vaults:5: uniq_margery
Depths:1: layout_basic, pan_entry, hellmouth_3, nicolae_dithmenos_shadow_blocks,
          minmay_guarded_unrand_mage, firewood_loft, uniq_sojobo
Depths:2: dreamdust_experimentation, layout_honeycomb, hangedman_decor_points,
          hangedman_tar_grid_catacomb, nicolae_abyss_entry_one_way_or_another,
          grunt_pan_entry_zigzag, minivault_16, dancing_weapons_uskayaw,
          infiniplex_staircase_star
Depths:3: minmay_expanding_squares, layout_cave_pools, enter_ziggurat_f,
          abyss_entry, serial_shops, bzr_entry_water,
          nicolae_shop_bloodbath_and_beyond, nicolae_shop_stone,
          hangedman_decor_growths, grunt_mini_vestibule, uniq_mennas
Depths:4: grunt_zot_entry_pinwheel, layout_basic, mu_enter_wizlab_2,
          nicolae_water_bricks, hell_entry
Zot:1:    lemuel_draconian_sentries_small, layout_onion_interference,
          st_small_dragon_hoard_2, zot_minivault_6
Zot:2:    layout_gridlike, basic_altar, lemuel_elevator
Zot:3:    layout_gridlike
Zot:4:    layout_onion_interference
Zot:5:    layout_twisted_circle

Skill      XL: |  1  2  3  4  5  6  7  8  9 10 11 12 13 14 15 16 17 18 19 20 21 22 23 24 25 26 27 |
---------------+----------------------------------------------------------------------------------+-----
Throwing       | 2 |  2.0
Polearms       | 3 4 5 7 8 11 13 14 | 14.0
Fighting       | 3 4 5 6 8 9 10 11 13 15 17 18 21 23 26 | 26.4
Invocations    | 1 2 3 5 8 10 11 13 15 | 15.0
Evocations     | 1 2 4 5 8 10 12 | 12.0
Armour         | 3 4 5 8 10 11 15 18 | 18.0
Shields        | 4 5 8 9 10 11 17 18 | 18.0
Dodging        | 4 6 9 12 | 12.0
Axes           | 4 8 12 14 15 | 15.9

Action                   |  1- 3 |  4- 6 |  7- 9 | 10-12 | 13-15 | 16-18 | 19-21 | 22-24 | 25-27 || total
-------------------------+-------+-------+-------+-------+-------+-------+-------+-------+-------++-------
Melee: Trident           |    67 |    93 |   220 |  1136 |   484 |       |       |       |       ||  2000
       Punch             |     2 |     2 |     5 |    15 |       |       |       |       |       ||    24
       Dagger            |    22 |   118 |       |       |       |       |       |       |       ||   140
       Scimitar          |       |       |       |     8 |    22 |   112 |       |       |       ||   142
       Lance             |       |       |       |       |   588 |    55 |       |    24 |   331 ||   998
       Broad axe         |       |       |       |       |    20 |   991 |  1346 |  1431 |  1126 ||  4914
Throw: Throwing net      |       |     1 |       |     6 |     1 |       |       |       |     2 ||    10
       Boomerang         |       |       |     7 |    16 |     2 |       |       |       |       ||    25
       Javelin           |       |       |       |     4 |     1 |    15 |       |       |       ||    20
       Dart              |       |       |       |     2 |    12 |     3 |     2 |       |       ||    19
Invok: Stomp             |       |     1 |     4 |    34 |    24 |     4 |       |       |       ||    67
       Line Pass         |       |       |       |     2 |     1 |       |       |       |       ||     3
       Grand Finale      |       |       |       |       |     1 |     1 |       |       |       ||     2
Evoke: Wand              |       |     5 |    20 |    21 |     7 |    13 |     7 |     4 |    15 ||    92
       Box of beasts     |       |       |       |       |     1 |     3 |     1 |       |     2 ||     7
       Lightning rod     |       |       |       |       |     1 |       |       |       |       ||     1
       Phial of floods   |       |       |       |       |       |       |       |     3 |       ||     3
       Tin of tremorston |       |       |       |       |       |       |       |       |     2 ||     2
       Condenser vane    |       |       |       |       |       |       |       |       |     1 ||     1
  Use: Scroll            |       |     7 |     2 |    14 |    14 |     6 |    11 |     8 |    20 ||    82
       Potion            |       |     1 |     3 |     2 |     4 |     2 |    10 |     8 |    10 ||    40
 Stab: Sleeping          |     1 |       |       |       |       |       |       |       |       ||     1
       Paralysed         |       |       |     6 |    48 |    51 |    26 |    73 |    80 |    77 ||   361
       Distracted        |       |       |       |     1 |     2 |    24 |    23 |    15 |    28 ||    93
       Confused          |       |       |       |     1 |       |     1 |       |       |       ||     2
       Held in net/web   |       |       |       |     2 |       |       |       |       |       ||     2
       Invisible         |       |       |       |       |       |       |       |       |     2 ||     2
Armor: Scale mail        |    33 |    96 |       |       |       |       |       |       |       ||   129
       Leather armour    |     1 |       |       |       |       |       |       |       |       ||     1
       Chain mail        |       |       |    55 |       |       |       |       |       |       ||    55
       Plate armour      |       |       |    74 |   590 |   445 |   851 |   658 |   576 |   305 ||  3499
       Gold dragon scale |       |       |       |       |       |       |       |       |   273 ||   273
Dodge: Dodged            |    43 |   118 |   100 |   420 |   261 |   453 |   544 |   420 |   318 ||  2677
Block: Buckler           |       |       |       |    48 |   134 |       |       |       |       ||   182
       Kite shield       |       |       |       |       |   118 |   409 |       |       |       ||   527
       Tower shield      |       |       |       |       |       |   463 |  1060 |   982 |  1034 ||  3539
